 Dungeon Crawl Stone Soup version 0.25.1-2-g60ff931df9 (webtiles) character file.

Game seed: 11823740807577450716

101889 Peloso the Peltast (level 15, -19/136 HPs)
             Began as a Minotaur Fighter on Aug 8, 2020.
             Was the Champion of Okawaru.
             Demolished by a dire elephant (shapeshifter) (34 damage)
             ... on level 1 of the Elven Halls.
             The game lasted 01:26:38 (37016 turns).

Peloso the Peltast (Minotaur Fighter)              Turns: 37016, Time: 01:26:39

Health: -19/136    AC: 25    Str: 24    XL:     15   Next: 84%
Magic:  16/16      EV: 14    Int:  8    God:    Okawaru [******]
Gold:   1965       SH: 17    Dex: 11    Spells: 14/14 levels left

rFire    + + .     SeeInvis +   a - +9 long sword "Voygguuj" {vorpal, rF++ rN++ Dex-2}
rCold    . . .     Gourm    .   c - +0 kite shield
rNeg     + + .     Faith    +   W - +3 plate armour {rPois}
rPois    +         Spirit   .   y - +1 hat {Int+3}
rElec    +         Reflect  .   V - scarf {+Inv}
rCorr    +         Harm     .   (no gloves)
MR       ++...                  L - +1 pair of boots {Fly}
Stlth    ..........             k - amulet of faith
HPRegen  0.32/turn              o - ring "Tekkeas" {MR+ Slay+5 SInv}
MPRegen  0.15/turn              F - ring "Potsynka" {rElec rPois rCorr}

@: heroism, flying
A: retaliatory headbutt, horns 2
a: Heroism, Finesse, Renounce Religion, Evoke Invisibility, Stop Flying


You were on level 1 of the Elven Halls.
You worshipped Okawaru.
Okawaru was exalted by your worship.
You were not hungry.

You visited 5 branches of the dungeon, and saw 23 of its levels.
You also visited: Bailey.

You collected 2456 gold pieces.
You spent 491 gold pieces at shops.

Inventory:

Hand Weapons
 a - the +9 long sword "Voygguuj" (weapon) {vorpal, rF++ rN++ Dex-2}
   (You bought it in a shop on level 2 of the Orcish Mines)

   It inflicts extra damage upon your enemies.
   It affects your dexterity (-2).
   It greatly protects you from fire.
   It greatly protects you from negative energy.
 b - the +0 falchion "Ugreusk" {vorpal, +Rage Str+2 Stlth-}
   (You took it off an orc on level 8 of the Dungeon)

   It inflicts extra damage upon your enemies.
   It affects your strength (+2).
   It lets you go berserk.
   It makes you less stealthy.
 z - a +2 demon whip of freezing
Armour
 c - a +0 kite shield (worn)
 s - a +2 chain mail of cold resistance
 y - a +1 hat of intelligence (worn)
 D - a +0 pair of boots of running
 L - a +1 pair of boots of flying (worn)
 V - a scarf of invisibility (worn)
 W - a +3 plate armour of poison resistance (worn)
Jewellery
 k - an amulet of faith (around neck)
 o - the ring "Tekkeas" (left hand) {MR+ Slay+5 SInv}
   (You found it on level 12 of the Dungeon)

   [ring of see invisible]

   It affects your accuracy and damage with ranged weapons and melee attacks
   (+5).
   It affects your resistance to hostile enchantments.
   It lets you see invisible.
 p - an uncursed amulet of the acrobat {unknown}
 t - an uncursed ring of protection from magic
 w - an uncursed amulet of magic regeneration {unknown}
 F - the ring "Potsynka" (right hand) {rElec rPois rCorr}
   (You found it on level 6 of the Lair of Beasts)

   [ring of resist corrosion]

   It insulates you from electricity.
   It protects you from poison.
   It provides partial protection from all sources of acid and corrosion.
 I - a +4 ring of protection
 R - an uncursed amulet of reflection
Wands
 h - a wand of iceblast (5)
 j - a wand of paralysis (3)
 m - a wand of acid (9)
 B - a wand of flame (11)
 C - a wand of random effects (16)
 S - a wand of digging (2)
Scrolls
 e - a scroll of identify
 g - 2 scrolls of magic mapping
 i - 3 scrolls of teleportation
 q - 8 scrolls of remove curse
 r - 3 scrolls of enchant weapon
 u - a scroll of noise
 A - 3 scrolls of fog
 E - a scroll of silence
 G - 2 scrolls of enchant armour
 K - 2 scrolls of summoning
 M - a scroll of brand weapon
Potions
 d - 2 potions of might
 n - 2 potions of stabbing
 x - 4 potions of curing
 H - a potion of resistance {unknown}
 N - a potion of cancellation {unknown}
 O - 2 potions of berserk rage {unknown}
 T - a potion of haste {unknown}
 U - a potion of experience
Miscellaneous
 l - a phantom mirror
 v - a box of beasts
Comestibles
 f - 39 rations


   Skills:
 + Level 13.5(18.5) Fighting
 + Level 16.0(21.0) Long Blades
 + Level 14.4(19.4) Armour
 + Level 10.1(15.1) Dodging
 + Level 3.3(8.3) Stealth
 + Level 17.9(22.9) Shields
 + Level 3.6 Invocations
 + Level 3.1 Evocations


You had 14 spell levels left.
You didn't know any spells.
Your spell library contained the following spells:

 Spells                   Type           Power        Failure   Level  Hunger
 Apportation              Tloc           #.....       94%         1    ##.....
 Beastly Appendage        Tmut           #.....       94%         1    ##.....
 Foxfire                  Conj/Fire      #...         94%         1    ##.....
 Magic Dart               Conj           #...         94%         1    ##.....
 Sandblast                Erth           #.....       94%         1    ##.....
 Summon Butterflies       Summ           #.......     94%         1    ##.....
 Blink                    Tloc           N/A          98%         2    ###....
 Call Imp                 Summ           #.......     98%         2    ###....
 Passwall                 Tmut/Erth      #.......     98%         2    ###....
 Slow                     Hex            #.......     98%         2    ###....
 Sticks to Snakes         Tmut           #.......     98%         2    ###....
 Conjure Flame            Conj/Fire      #.......     100%        3    ####...
 Inner Flame              Hex/Fire       #.......     100%        3    ####...
 Lesser Beckoning         Tloc           #.........   100%        3    ####...
 Mephitic Cloud           Conj/Pois/Air  #.......     100%        3    ####...
 Spider Form              Tmut/Pois      #.........   100%        3    ####...
 Stone Arrow              Conj/Erth      #.....       100%        3    ####...
 Tukima's Dance           Hex            #.......     100%        3    ####...
 Ice Form                 Ice/Tmut       #.......     100%        4    #####..
 Petrify                  Tmut/Erth      #.......     100%        4    #####..
 Sticky Flame             Conj/Fire      #.......     100%        4    #####..
 Alistair's Intoxication  Tmut/Pois      #.......     100%        5    ######.
 Blade Hands              Tmut           #.........   100%        5    ######.
 Bolt of Magma            Conj/Fire/Erth #.........   100%        5    ######.
 Fireball                 Conj/Fire      #.........   100%        5    ######.
 Iskenderun's Battlesphe  Conj/Chrm      #.......     100%        5    ######.
 Lee's Rapid Deconstruct  Erth           #.........   100%        5    ######.
 Invisibility             Hex            #.......     100%        6    #######
 Iron Shot                Conj/Erth      #.........   100%        6    #######
 Orb of Destruction       Conj           #.........   100%        7    #######
 Spellforged Servitor     Conj/Summ      #.........   100%        7    #######


Dungeon Overview and Level Annotations

Branches:
Dungeon (13/15)            Temple (1/1) D:4            Lair (6/6) D:9
 Shoals (0/4) Lair:4        Snake (0/4) Lair:3        Slime (0/5) Lair:6
    Orc (2/2) D:12            Elf (1/3) Orc:2        Vaults (0/5) D:13
 Bailey (visited)

Altars:
Ashenzari
Cheibriados
Dithmenos
Elyvilon
Fedhas
Gozag
Hepliaklqana
Kikubaaqudgha
Makhleb
Nemelex Xobeh
Okawaru
Qazlal
Ru
Sif Muna
Trog
Uskayaw
Vehumet
Wu Jian
Xom
Yredelemnul
Zin
The Shining One
Jiyva

Shops:
D:5 ?   D:9 (   D:12 ?   Orc:2 *[=(   Elf:1 =}=

Annotations:
Lair:2 exclusion: oklob plant
Elf:1 1 transporter, TangoThomas's ghost, journeyman DsAK


Innate Abilities, Weirdness & Mutations

You reflexively headbutt those who attack you in melee.
You have a pair of horns on your head.


Message History

You slash the dire elephant!
The dire elephant is moderately wounded.
A satyr comes into view.
The dire elephant tramples you but does no damage.
The dire elephant misses you.
You slash the dire elephant!
The dire elephant is moderately wounded.
The moth of wrath goads the dire elephant on!
The dire elephant goes berserk!
The moth of wrath goads something on!
The dire elephant tramples you!!
You are shoved backwards!
You slash the dire elephant!
The dire elephant is heavily wounded.
The acid dragon rages.
The dire elephant tramples you!!!
* * * LOW HITPOINT WARNING * * *
You hold your ground!
The dire elephant barely misses you.
You slash the dire elephant!
The dire elephant is heavily wounded.
The dire elephant tramples you!!
You die...

#......####.©.####..........#
####..##..##### .###.)......#
#..#...)[=!:$#..##.#....##
####.##.##..=###....#.##..##
.>...#.....#.....#.##.###'#
.....#©.##..DcW#...#..# #.#
.....#......#ya##..#.####.#
.....##...#...#Y...#...|..#
......#....#...D@.##..#####
......#####..###.##...#
..........####©###....#
#########............##
######......## ########


You could see a dire elephant (berserk), an entropy weaver, a swamp dragon
shaped shifter, a satyr, a moth of wrath, an acid dragon (berserk) and
TangoThomas's ghost.

Vanquished Creatures
  Gastronok (Orc:1)
  A tengu reaver (D:12)
  An orc warlord (Orc:1)
  A deep elf elementalist (Elf:1)
  An ironheart preserver (D:13)
  Nessos (Lair:6)
  A deep elf annihilator (Elf:1)
  A dire elephant (Lair:5)
  A fire dragon (Lair:6)
  Josephine (Lair:5)
  4 catoblepae
  Harold (D:7)
  7 hydras
  A two-headed ogre (shapeshifter) (Elf:1)
  3 centaur warriors
  3 two-headed ogres
  2 dancing weapons (Elf:1)
  4 death yaks
  A tengu warrior (D:12)
  A deep troll earth mage (D:12)
  6 orc high priests
  3 deep elf knights (Elf:1)
  A wizard (Elf:1)
  A deep troll (shapeshifter) (Elf:1)
  A lindwurm (Lair:6)
  3 unseen horrors
  2 deep elf archers (Elf:1)
  4 orc knights
  A phantasmal warrior (D:12)
  5 orc sorcerers
  12 deep elf magi (Elf:1)
  3 cyclopes
  3 elephants (Lair:4)
  An oklob plant (Lair:1)
  3 merfolk sirens (Lair:4)
  Maurice (D:12)
  An ugly thing (D:12)
  2 moths of wrath (Elf:1)
  7 black mambas
  3 molten gargoyles (Lair:6)
  An ice statue (D:10)
  14 spiny frogs
  A torpor snail (Lair:5)
  Maggie (D:7)
  3 kobold demonologists
  A rime drake (Lair:5)
  12 komodo dragons
  A freezing wraith (D:12)
  A redback zombie (D:13)
  2 meliai (shapeshifter) (Elf:1)
  10 trolls
  A merfolk (Lair:4)
  Grinder (D:6)
  2 polar bears
  Prince Ribbit (D:6)
  5 slime creatures (D:12)
  5 dream sheep
  14 hippogriffs
  7 blink frogs
  2 air elementals (Elf:1)
  22 yaks
  A shadow (D:11)
  5 wraiths
  A water elemental (Elf:1)
  12 wyverns
  Eustachio (D:6)
  A fire elemental (Lair:6)
  A hungry ghost (D:12)
  5 basilisks
  2 steam dragons (Lair:6)
  7 vampire mosquitoes
  Menkaure (D:6)
  A swamp worm (shapeshifter) (Elf:1)
  2 swamp worms (Lair:3)
  An insubstantial wisp (Lair:6)
  Duvessa (D:6)
  4 hell hounds (Lair:6)
  4 wargs
  13 water moccasins
  45 orc warriors
  3 porcupines
  2 swamp drakes
  A black bear (D:6)
  8 ice beasts
  17 ogres
  3 sky beasts
  3 phantoms
  A boggart (Elf:1)
  21 wolves
  7 centaurs
  11 crocodiles
  7 big kobolds
  21 bullfrogs
  Dowan (D:6)
  4 scorpions
  5 killer bees
  5 wights (D:11)
  2 howler monkeys (D:8)
  10 crimson imps
  5 lava snakes (Lair:6)
  A quasit (D:12)
  A wyvern simulacrum (D:12)
  4 centaur zombies
  7 hounds
  5 jellies
  24 orc priests
  9 bullfrog skeletons
  4 centaur skeletons
  2 iguanas
  25 orc wizards
  13 worker ants
  Terence (D:3)
  A hound zombie (D:8)
  A hound skeleton (D:6)
  2 worker ant zombies
  8 gnolls
  7 adders
  9 shadow imps
  2 oozes
  3 worms
  A dart slug (D:2)
  4 leopard geckos
  94 orcs
  5 giant cockroaches
  8 goblins
  7 hobgoblins
  7 jackals
  29 kobolds
  6 quokkas
  5 ball pythons
  5 bats
  6 frilled lizards
  A jackal skeleton (D:8)
  A leopard gecko skeleton (D:4)
  A quokka skeleton (D:8)
  4 rats
  2 plants
767 creatures vanquished.

Vanquished Creatures (others)
  A deep elf archer (Elf:1)
  An orc wizard (D:13)
  2 orcs (D:9)
  5 fungi
  3 plants (Lair:3)
12 creatures vanquished.

Grand Total: 779 creatures vanquished

Notes
Turn   | Place    | Note
-------+----------+-------------------------------------------
     0 | D:1      | Peloso the Minotaur Fighter began the quest for the Orb.
     0 | D:1      | Reached XP level 1. HP: 19/19 MP: 0/0
   197 | D:1      | Reached XP level 2. HP: 27/27 MP: 1/1
  1088 | D:2      | Reached XP level 3. HP: 33/33 MP: 2/2
  1094 | D:2      | Reached skill level 4 in Shields
  1461 | D:2      | Found a shadowy altar of Dithmenos.
  1474 | D:2      | Reached XP level 4. HP: 36/40 MP: 3/3
  1572 | D:2      | Found a glowing golden altar of the Shining One.
  1697 | D:2      | Found a stormy altar of Qazlal.
  1698 | D:2      | Found a sacrificial altar of Ru.
  1789 | D:3      | Noticed a sky beast
  1811 | D:3      | Killed a sky beast
  1811 | D:3      | Reached XP level 5. HP: 25/47 MP: 4/4
  1967 | D:3      | Reached skill level 5 in Shields
  2032 | D:3      | Noticed Terence
  2049 | D:3      | Killed Terence
  2049 | D:3      | Reached skill level 1 in Dodging
  2244 | D:3      | Found a white marble altar of Elyvilon.
  2521 | D:4      | Found a hazy altar of Hepliaklqana.
  2521 | D:4      | Noticed a phantom
  2552 | D:4      | Reached skill level 5 in Armour
  2563 | D:4      | Reached XP level 6. HP: 28/53 MP: 5/5
  2775 | D:4      | Noticed an ice beast
  2801 | D:3      | Killed an ice beast
  2801 | D:3      | Reached skill level 5 in Long Blades
  3054 | D:4      | Reached XP level 7. HP: 58/60 MP: 6/6
  3118 | D:4      | Reached skill level 6 in Shields
  3268 | D:4      | Found a staircase to the Ecumenical Temple.
  3276 | Temple   | Entered the Ecumenical Temple
  3375 | Temple   | Became a worshipper of Warmaster Okawaru
  3472 | D:4      | Reached skill level 5 in Fighting
  3776 | D:4      | Found a shimmering altar of Xom.
  3994 | D:5      | Entered Level 5 of the Dungeon
  4120 | D:5      | Found Uzuseiwn's Magic Scroll Shop.
  4135 | D:5      | Bought a scroll of noise for 12 gold pieces
  4135 | D:5      | Bought a scroll of identify for 24 gold pieces
  4212 | D:5      | Reached * piety under Okawaru
  4212 | D:5      | Reached XP level 8. HP: 67/70 MP: 7/7
  4456 | D:5      | Found an ornate altar of the Wu Jian Council.
  4859 | D:6      | Noticed Prince Ribbit
  4951 | D:6      | Killed Prince Ribbit
  4951 | D:6      | Reached skill level 7 in Shields
  5019 | D:6      | Reached ** piety under Okawaru
  5037 | D:6      | Found an ancient bone altar of Kikubaaqudgha.
  5056 | D:6      | Found a shattered altar of Ashenzari.
  5063 | D:6      | Found a blossoming altar of Fedhas.
  5071 | D:6      | Noticed Menkaure
  5084 | D:6      | Killed Menkaure
  5310 | D:6      | Found a burning altar of Makhleb.
  5371 | D:6      | Noticed Duvessa
  5372 | D:6      | Noticed Dowan
  5396 | D:6      | Killed Duvessa
  5404 | D:6      | Killed Dowan
  5665 | D:6      | Reached skill level 1 in Stealth
  5665 | D:6      | Reached XP level 9. HP: 69/78 MP: 8/8
  5717 | D:6      | Noticed Eustachio
  5760 | D:6      | Killed Eustachio
  5881 | D:6      | Noticed a kobold demonologist
  5896 | D:6      | Killed a kobold demonologist
  5896 | D:6      | Reached *** piety under Okawaru
  5896 | D:6      | Reached skill level 8 in Shields
  5911 | D:6      | Noticed Grinder
  5917 | D:6      | Paralysed by Grinder for 6 turns
  5934 | D:6      | Killed Grinder
  6034 | D:6      | Reached skill level 1 in Evocations
  6188 | D:7      | Found a sparkling altar of Nemelex Xobeh.
  6241 | D:7      | Found a snail-covered altar of Cheibriados.
  6241 | D:7      | Noticed Maggie
  6257 | D:7      | Killed Maggie
  6257 | D:7      | Reached skill level 9 in Shields
  6257 | D:7      | Reached skill level 1 in Invocations
  6440 | D:7      | Noticed Harold
  6461 | D:7      | Killed Harold
  6461 | D:7      | Reached **** piety under Okawaru
  6461 | D:7      | Reached XP level 10. HP: 52/86 MP: 6/10
  7112 | D:7      | Reached skill level 10 in Long Blades
  7223 | D:7      | Found a sparkling altar of Nemelex Xobeh.
  7816 | D:8      | Noticed a two-headed ogre
  7918 | D:8      | Killed a two-headed ogre
  7918 | D:8      | Reached ***** piety under Okawaru
  7918 | D:8      | Reached skill level 10 in Shields
  8331 | D:8      | Identified the cursed +0 falchion "Ugreusk" {vorpal, +Rage
                  | Str+2 Stlth-}
  8904 | D:9      | Received a gift from Okawaru
  9089 | D:9      | Found Onkuacoi's Antique Weapon Boutique.
  9261 | D:9      | Got a warped ring mail
  9272 | D:9      | Identified the +1 ring mail "Imuedir" {Dex+6} (You found it
                  | on level 9 of the Dungeon)
  9452 | D:9      | Found a snail-covered altar of Cheibriados.
  9919 | D:9      | Reached XP level 11. HP: 92/94 MP: 11/11
 10173 | D:9      | Reached skill level 10 in Armour
 10203 | D:9      | Found a staircase to the Lair.
 10485 | D:10     | Entered Level 10 of the Dungeon
 10663 | D:10     | Killed an unseen horror
 10663 | D:10     | Reached skill level 11 in Shields
 11033 | D:10     | Reached skill level 5 in Dodging
 11668 | D:11     | Found an opulent altar of Gozag.
 12687 | D:11     | Received a gift from Okawaru
 12811 | D:12     | Found a staircase to the Orcish Mines.
 12840 | D:12     | Found Daaf's Magic Scroll Emporium.
 12951 | D:12     | Bought a scroll of blinking for 82 gold pieces
 12951 | D:12     | Bought a scroll of teleportation for 33 gold pieces
 13243 | D:12     | Found a runed translucent door.
 13244 | D:12     | Noticed a phantasmal warrior
 13244 | D:12     | Noticed a tengu reaver
 13244 | D:12     | Noticed a deep troll earth mage
 13689 | D:12     | Noticed a centaur warrior
 13689 | D:12     | Noticed a white ugly thing
 13691 | D:12     | Killed an unseen horror
 13697 | D:12     | Killed a white ugly thing
 13697 | D:12     | Reached XP level 12. HP: 97/105 MP: 9/12
 13719 | D:12     | Identified the +5 battleaxe of Amorality {antimagic, Dex+4}
 13719 | D:12     | Noticed a tengu warrior
 14517 | Lair:1   | Entered Level 1 of the Lair of Beasts
 15065 | Lair:1   | Reached skill level 12 in Shields
 16773 | Lair:2   | Got a brightly glowing war axe
 16774 | Lair:2   | Identified the cursed +2 war axe of Ihof {freeze, rElec
                  | Str+5} (You found it on level 2 of the Lair of Beasts)
 17004 | Lair:3   | Noticed a catoblepas
 17012 | Lair:2   | Reached skill level 10 in Fighting
 17016 | Lair:2   | Reached ****** piety under Okawaru
 17180 | Lair:2   | Killed a catoblepas
 17521 | Lair:3   | Received a gift from Okawaru
 17885 | Lair:3   | Noticed an eight-headed hydra
 18189 | Lair:3   | Found a staircase to the Snake Pit.
 18270 | Lair:3   | Reached skill level 13 in Shields
 19217 | Lair:4   | Reached XP level 13. HP: 84/114 MP: 13/13
 19345 | Lair:4   | Found a staircase to the Shoals.
 20766 | Orc:1    | Entered Level 1 of the Orcish Mines
 20766 | Orc:1    | Noticed Maurice
 20782 | D:12     | Killed Maurice
 21264 | Orc:1    | Noticed Gastronok
 21283 | Orc:1    | Killed Gastronok
 21283 | Orc:1    | Received a gift from Okawaru
 21672 | Orc:2    | Entered Level 2 of the Orcish Mines
 22534 | Orc:2    | Reached skill level 14 in Shields
 23760 | Orc:2    | Noticed an orc warlord
 23798 | Orc:1    | Killed an orc warlord
 24262 | Orc:2    | Received a gift from Okawaru
 24299 | Orc:2    | Identified the +6 lajatang of the Hall of Blades {vorpal,
                  | Str+4 Int+2 SInv} (Okawaru gifted it to you on level 2 of
                  | the Orcish Mines)
 24470 | Orc:2    | Found a staircase to the Elven Halls.
 24493 | Orc:2    | Reached skill level 15 in Long Blades
 24670 | Orc:2    | Found Setewn's Antique Armour Emporium.
 24671 | Orc:2    | Found Qiniyps's Antique Weapon Shoppe.
 24672 | Orc:2    | Found Qadixuej's General Store.
 24672 | Orc:2    | Found Vuazures's Jewellery Emporium.
 24692 | Orc:2    | Bought a transparent long sword for 340 gold pieces
 24693 | Orc:2    | Identified the +9 long sword "Voygguuj" {vorpal, rF++ rN++
                  | Dex-2} (You bought it in a shop on level 2 of the Orcish
                  | Mines)
 25261 | D:12     | Reached skill level 15 in Shields
 25283 | D:12     | Reached XP level 14. HP: 82/125 MP: 12/14
 25422 | D:12     | Received a gift from Okawaru
 25803 | D:13     | Found a flagged portal.
 25812 | Bailey   | Entered a bailey
 26861 | D:13     | Received a gift from Okawaru
 27068 | D:13     | Identified the +5 flail "Viymmeov" {vorpal, Str+3}
 27631 | D:13     | Noticed an ironheart preserver
 27643 | D:13     | Killed an ironheart preserver
 27755 | D:13     | Found a gate to the Vaults.
 29037 | D:10     | Reached skill level 10 in Dodging
 29385 | D:12     | Killed a tengu reaver
 29398 | D:12     | Got a shimmering tin ring
 29400 | D:12     | Identified the ring "Tekkeas" {MR+ Slay+5 SInv} (You found
                  | it on level 12 of the Dungeon)
 30119 | Lair:5   | Reached skill level 16 in Shields
 30388 | Lair:5   | Noticed Josephine
 30398 | Lair:5   | Killed Josephine
 30412 | Lair:5   | Received a gift from Okawaru
 31261 | Lair:6   | Entered Level 6 of the Lair of Beasts
 31378 | Lair:6   | Received a gift from Okawaru
 31403 | Lair:6   | Identified a +0 pair of boots of running (Okawaru gifted it
                  | to you on level 6 of the Lair of Beasts)
 31485 | Lair:6   | Noticed Nessos
 31500 | Lair:6   | Reached XP level 15. HP: 58/134 MP: 14/16
 31507 | Lair:6   | Killed Nessos
 31815 | Lair:6   | Found a staircase to the Slime Pits.
 31817 | Lair:6   | Found a viscous altar of Jiyva.
 32713 | Lair:6   | Found a large runed translucent door.
 32713 | Lair:6   | Found a large runed translucent door.
 33400 | Lair:6   | Reached skill level 17 in Shields
 34130 | Lair:6   | Got a brightly glowing silver ring
 34132 | Lair:6   | Identified the ring "Potsynka" {rElec rPois rCorr} (You
                  | found it on level 6 of the Lair of Beasts)
 34516 | Elf:1    | Entered Level 1 of the Elven Halls
 35634 | Elf:1    | Found a transporter.
 35635 | Elf:1    | Noticed TangoThomas's ghost (journeyman DsAK)
 35669 | Elf:1    | Found a transporter.
 35674 | Elf:1    | Found the +2 ratskin cloak {+Rats rPois rN+ Str-1 Int-1
                  | Dex+1}
 35734 | Elf:1    | Found Vaarr's Gadget Shop.
 35735 | Elf:1    | Found Usun's Jewellery Emporium.
 35735 | Elf:1    | Found Sysag's Jewellery Emporium.
 36221 | Elf:1    | Received a gift from Okawaru
 36512 | Elf:1    | Noticed a shadow dragon
 36520 | Elf:1    | Noticed a storm dragon
 36520 | Elf:1    | a storm dragon changed into a dire elephant
 36524 | Elf:1    | Noticed a frost giant
 36524 | Elf:1    | a shadow dragon changed into a frost giant
 37016 | Elf:1    | Demolished by a dire elephant (shapeshifter)

Illustrated notes

Levels and vault maps discovered:
D:1:      minmay_arrival_shoal_huts, layout_basic
D:2:      layout_rooms, nicolae_dithmenos_shadow_blocks,
          nicolae_overflow_hidden_temple, nicolae_tso_swordbearing_angel
D:3:      layout_rooms, elyvilon_altar_5, first_ration, minmay_misc_feat_tiny,
          st_stairs_3, uniq_terence
D:4:      minmay_skewed_foursquare, layout_loops_ring, xom_butterflies,
          lemuel_crystal_altar, minmay_temple_entry_hall
D:5:      layout_basic, kennysheep_little_box, serial_shops,
          nicolae_shop_crystal, minivault_23
D:6:      minmay_opposing_rooms, layout_cave_pools,
          nicolae_overflow_quartered_altars, uniq_duvessa, uniq_grinder,
          uniq_eustachio, uniq_prince_ribbit1, uniq_menkaure
D:7:      layout_basic, lemuel_round_altar, old_standard_altar, basic_altar,
          grunt_decor_arrowhead, due_unseen_surprise, uniq_maggie, uniq_harold
D:8:      layout_basic, blue_anna_alchemist [blue_anna_fruit_fields,
          blue_anna_fruit_fields], serial_park_tiny_2
D:9:      layout_long_grid, erik_lair_dragon, serial_shops, shop, basic_altar
D:10:     layout_irregular_city, serial_park_tiny_2, minmay_statue_bubble
D:11:     layout_gridville, grunt_gozag_statues
D:12:     minmay_triangles_in_corner, layout_cave_pods, orc_0_dummy,
          serial_shops, shop, abandoned_shop, kennysheep_treasure_room
D:13:     layout_cave_pools, skrybe_vaults_entry_preservation, enter_bailey_2
Temple:   nicolae_temple_figure_zero
Lair:1:   beast_lair_carwin_large_3, layout_layer_cave, st_stairs_12,
          minmay_lair_oklob_chamber
Lair:2:   layout_regular_city, minmay_lair_oklob_bushes, grunt_megastairs_4
Lair:3:   layout_cellular_growth, dummy_snake_entry,
          chequers_serial_rivers_large_b, worms_lemuel, grunt_megastairs_1
Lair:4:   layout_long_grid, elwin_shoals_entry_stream
Lair:5:   layout_small_grid, nzn_random_ring, uniq_josephine
Lair:6:   cheibrodos_lair_end_hotspot, layout_gridlike, slime_altar_1, pond,
          lemuel_fruit_tree, uniq_nessos
Orc:1:    layout_caves, uniq_maurice, uniq_gastronok
Orc:2:    st_orc_congregation, layout_caves
Elf:1:    lemuel_upstairs_altar, layout_gridlike,
          gammafunk_ghost_berserking_beasts, hangedman_elf_disciples,
          minmay_shop_grove

Skill      XL: |  1  2  3  4  5  6  7  8  9 10 11 12 13 14 15 |
---------------+----------------------------------------------+-----
Armour         | 4 5 6 7 8 9 10 11 13 14 | 14.4
Fighting       | 4 5 6 7 8 9 10 11 12 13 | 13.5
Long Blades    | 3 4 5 6 8 9 11 12 14 15 16 | 16.0
Shields        | 4 5 6 7 9 10 11 13 15 16 17 | 17.9
Dodging        | 1 2 3 4 6 8 9 10 | 10.1
Stealth        | 1 2 3 |  3.3
Evocations     | 1 2 3 |  3.1
Invocations    | 1 2 3 |  3.6

Action                   |  1- 3 |  4- 6 |  7- 9 | 10-12 | 13-15 || total
-------------------------+-------+-------+-------+-------+-------++-------
Melee: Long sword        |   100 |   131 |   296 |   182 |   829 ||  1538
       Headbutt          |    17 |    22 |    72 |   379 |   408 ||   898
       Falchion          |       |       |       |   909 |   574 ||  1483
Invok: Heroism           |       |       |     6 |    10 |    30 ||    46
       Finesse           |       |       |       |       |     3 ||     3
 Abil: Evoke Berserk Rag |       |       |       |     2 |     4 ||     6
Evoke: Wand              |       |       |     7 |       |    21 ||    28
  Use: Potion            |     3 |       |       |     2 |     1 ||     6
       Scroll            |       |       |     6 |    18 |    11 ||    35
  Eat: Chunk             |     2 |     4 |    12 |    30 |    38 ||    86
       Ration            |       |       |       |     4 |     7 ||    11
Armor: Scale mail        |    70 |    51 |    10 |       |       ||   131
       Chain mail        |       |       |    96 |   102 |       ||   198
       Ring mail         |       |       |       |   215 |    67 ||   282
       Plate armour      |       |       |       |       |   669 ||   669
Dodge: Dodged            |    53 |    40 |    90 |   389 |   618 ||  1190
Block: Kite shield       |    81 |    86 |   189 |   602 |  1111 ||  2069
       Rpst.: Long sword |    12 |    16 |    24 |    18 |    66 ||   136
       Falchion          |       |       |       |    70 |    48 ||   118
